 Dungeon Crawl Stone Soup version 0.30-a0-140-gd1020e658a (webtiles) character file.

Game seed: 14850888738674453166

87 qw the Chopper (level 4, -1/28 HPs)
             Began as a Gargoyle Fighter on Sept 24, 2022.
             Slain by an orc
             ... wielding a +2 vorpal flail
              (6 damage)
             ... on level 3 of the Dungeon.
             The game lasted 00:00:55 (3125 turns).

qw the Chopper (Gargoyle Fighter)                   Turns: 3125, Time: 00:00:55

Health: -1/28      AC: 16    Str: 22    XL:     4   Next: 51%
Magic:  4/4        EV:  6    Int:  8    God:
Gold:   59         SH:  4    Dex:  9    Spells: 3/3 levels left

rFire   . . .      SeeInvis .    Y - +0 war axe
rCold   . . .      Faith    .    c - +0 buckler
rNeg    + . .      Spirit   .    j - +0 plate armour
rPois   inf        Reflect  .    (no helmet)
rElec   +          Harm     .    (no cloak)
rCorr   .          Rampage  .    e - +0 pair of gloves
Will    +....                    (no boots)
Stlth   ..........               (no amulet)
HPRegen 0.09/turn                a - ring of willpower
MPRegen 0.09/turn                (no ring)

@: no status effects
A: sickness immunity, AC +3, negative energy resistance 1, electricity
resistance, torment resistance 1, petrification resistance
a: no special abilities


You were on level 3 of the Dungeon.
You visited 1 branch of the dungeon, and saw 3 of its levels.

You collected 59 gold pieces.


Innate Abilities, Weirdness & Mutations

You are immune to sickness and miasma.
Your stone body is resilient. (AC +3)
You are immune to poison.
You resist negative energy. (rN+)
You are resistant to electric shocks. (rElec)
You are resistant to unholy torment.
You are immune to petrification.


   Skills:
 - Level 3.2 Fighting
 + Level 4.2 Axes
 - Level 3.2 Armour
 - Level 3.2 Shields


You had 3 spell levels left.
You didn't know any spells.
Your spell library was empty.

Inventory:

Hand Weapons
 i - a +0 whip
 Y - a +0 war axe (weapon)
Armour
 b - the +0 plate armour of Indecent Exposure {rN+ Will+}
   (You found it on level 3 of the Dungeon)

   rN:        It protects you from negative energy.
   Will:      It increases your willpower.
 c - a +0 buckler (worn)
 e - a +0 pair of gloves (worn)
 j - a +0 plate armour (worn)
Jewellery
 a - a ring of willpower (left hand)
Potions
 d - 2 potions of might
 g - a potion of curing {unknown}

Dungeon Overview and Level Annotations

Branches:
Dungeon (3/15)

Altars:


Message History

What level of the Dungeon? (default 1, ? - help)
There is a stone staircase leading down here.
You climb downwards.
Found 5 stones.
There is a stone staircase leading up here.
Existing waypoints: (1) D:2 (2) D:1 Assign waypoint to what number? (0-9, D - delete waypoint) Waypoint 2 re-assigned from D:1 to D:3.
Enter note: You now have 59 gold pieces (gained 6).
You feel your willpower return.
Found a stone staircase leading down.
Enter note: A rat comes into view.
You closely miss the rat. You block the rat's attack.
You slash the rat!
You kill the rat!
b - the +0 plate armour of Indecent Exposure {rN+ Will+} 2 orcs come into view.
An orc is wielding a +2 vorpal flail.
The orc shouts! x2; You hear a shout!
An orc comes into view. It is wielding a +0 hand axe.
You hear a shout!
You completely miss the orc.
An orc priest comes into view. It is wielding a +0 morningstar.
The orc hits you but does no damage. x2
You slash the orc!
You kill the orc!
You closely miss the orc. The orc hits you with a +0 hand axe.
You slash the orc!
You kill the orc!
You hit the orc.
The orc is heavily wounded.
The orc hits you with a +2 vorpal flail!
The orc priest invokes the aid of Beogh against you.
Beogh smites you!
The orc hits you with a +2 vorpal flail.
You die...

#. ... #. ..# .....
. .#.# ....# #. ..#
#...#.# #..#.#
#...#.#
#..#.####...#.#
##..o@.........#
..>.o.)...##....#
.###.##...##....# #
#............# .#
#.###.####...####.#
.. #..............
#
#..###....##.#####
#..###............
#......#.###....##


You could see an orc priest and an orc.

Vanquished Creatures
  2 adders (D:2)
  2 worms (D:2)
  A dart slug (D:1)
  3 orcs
  7 ball pythons
  5 endoplasms
  5 giant cockroaches
  3 goblins
  5 hobgoblins
  3 quokkas
  6 bats
  4 frilled lizards
  4 kobolds (D:1)
  6 rats
56 creatures vanquished.

Notes
Turn   | Place    | Note
-------+----------+-------------------------------------------
     0 | D:1      | qw the Gargoyle Fighter began the quest for the Orb.
     0 | D:1      | Reached XP level 1. HP: 14/14 MP: 1/1
     0 | D:1      | 0 ||| qw: Version: 0.1.0-9-gbc19398
     0 | D:1      | 0 ||| qw: Game counter: 1
     0 | D:1      | 0 ||| qw: Always use a shield: true
     0 | D:1      | 0 ||| qw: God list: Trog, Okawaru, Makhleb
     0 | D:1      | 0 ||| qw: Allow faded altars: false
     0 | D:1      | 0 ||| qw: Do Orc after D:15 true
     0 | D:1      | 0 ||| qw: Do second Lair branch before Depths: true
     0 | D:1      | 0 ||| qw: Lair rune preference: random
     0 | D:1      | 0 ||| qw: Plans: Normal
     0 | D:1      | 0 ||| PLANNING D:1-11
     0 | D:1      | 0 ||| qw: Version: 0.1.0-9-gbc19398
     0 | D:1      | 0 ||| qw: Game counter: 2
     0 | D:1      | 0 ||| qw: Always use a shield: true
     0 | D:1      | 0 ||| qw: God list: Okawaru
     0 | D:1      | 0 ||| qw: Allow faded altars: false
     0 | D:1      | 0 ||| qw: Do Orc after D:15 true
     0 | D:1      | 0 ||| qw: Do second Lair branch before Depths: true
     0 | D:1      | 0 ||| qw: Lair rune preference: random
     0 | D:1      | 0 ||| qw: Plans: Normal, Zot:1-4, God:TSO, Crypt, Tomb,
                  | Pan, Slime:5, Hells, Abyss, Orb
     0 | D:1      | 0 ||| PLANNING D:1-11
    35 | D:1      | Reached skill level 2 in Axes
   344 | D:1      | 344 ||| Stepping ~*~*~tactically~*~*~ (stealth).
   403 | D:1      | 403 ||| Stepping ~*~*~tactically~*~*~ (stealth).
   412 | D:1      | Reached XP level 2. HP: 19/19 MP: 2/2
   588 | D:1      | 588 ||| Stepping ~*~*~tactically~*~*~ (stealth).
   590 | D:1      | 590 ||| Stepping ~*~*~tactically~*~*~ (stealth).
   845 | D:1      | Reached skill level 3 in Axes
  1116 | D:1      | Reached XP level 3. HP: 23/23 MP: 3/3
  1271 | D:1      | 1271 ||| Stepping ~*~*~tactically~*~*~ (stealth).
  1288 | D:1      | 1288 ||| DROPPING +0 club.
  1746 | D:1      | 1746 ||| READING scroll labelled TOMOYT LEEMO.
  1747 | D:1      | 1747 ||| READING scroll labelled JAIBAM HIDICICA.
  1872 | D:2      | Found the +18 Lear's hauberk
  1998 | D:2      | 1998 ||| Stepping ~*~*~tactically~*~*~ (stealth).
  2105 | D:2      | Reached XP level 4. HP: 28/28 MP: 4/4
  2272 | D:2      | Reached skill level 4 in Axes
  2304 | D:2      | 2304 ||| Stepping ~*~*~tactically~*~*~ (stealth).
  2991 | D:2      | 2991 ||| UPGRADING to +0 pair of gloves.
  2996 | D:2      | 2996 ||| UPGRADING to +0 plate armour.
  3006 | D:2      | 3006 ||| DROPPING +0 scale mail.
  3007 | D:2      | 3007 ||| UPGRADING to ring of willpower.
  3008 | D:2      | 3008 ||| READING scroll labelled JEUMPI HIPOMA.
  3055 | D:2      | 3055 ||| READING scroll labelled SUUHOMNU XAORPH.
  3056 | D:2      | 3056 ||| READING scroll labelled TAWNOKH QUIKAEDO.
  3111 | D:3      | Identified the +0 plate armour of Indecent Exposure {rN+
                  | Will+}
  3125 | D:3      | HP: 5/28 [orc priest/divine providence (10)]
  3125 | D:3      | Slain by an orc

Levels and vault maps discovered:
D:1:      psy_arrival_basics, layout_basic, hangedman_feature_mirror,
          st_stairs_6, lemuel_flame_loot_1
D:2:      layout_basic
D:3:      layout_loops_ring, mainiacjoe_overflow_tiny_flanked,
          basic_ecumenical_altar

Skill      XL: |  1  2  3  4 |
---------------+-------------+-----
Axes           | 2 3 4 |  4.2
Fighting       | |  3.2
Armour         | |  3.2
Shields        | |  3.2

Action                   |  1- 3 |  4- 6 || total
-------------------------+-------+-------++-------
Melee: War axe           |   128 |    24 ||   152
  Use: Scroll            |     2 |     3 ||     5
Armor: Scale mail        |    63 |     5 ||    68
       Plate armour      |       |     2 ||     2
Dodge: Dodged            |    52 |     3 ||    55
Block: Buckler           |    22 |     4 ||    26

Table legend:
 A = Non-vault XP
 B = Vault XP
 C = Vault XP percentage of total XP
 D = Non-vault monster count
 E = Vault monster count
 F = Vault count percentage of total count
                 A         B        C        D         E       F
            +---------+---------+-------+---------+---------+-------
      Total |     115 |      10 |   8.0 |      49 |       7 |  12.5
            +---------+---------+-------+---------+---------+-------
        D:1 |      40 |      10 |  20.0 |      24 |       7 |  22.6
        D:2 |      68 |       0 |   0.0 |      22 |       0 |   0.0
        D:3 |       7 |       0 |   0.0 |       3 |       0 |   0.0
            +---------+---------+-------+---------+---------+-------
